 Dungeon Crawl Stone Soup version 0.24.0-13-gcf9b3192b9 (webtiles) character file.

Game seed: 167115123887274181, levelgen mode: deterministic

571 Delamore the Cleaver (level 7, 0/57 HPs)
             Began as a Hill Orc Fighter on Nov 9, 2019.
             Slain by Grinder (1 damage)
             ... while paralysed by Grinder
             ... on level 4 of the Dungeon.
             The game lasted 00:05:42 (2506 turns).

Delamore the Cleaver (Hill Orc Fighter)             Turns: 2506, Time: 00:05:43

Health: 0/57       AC:  8    Str: 21    XL:     7   Next: 34%
Magic:  7/7        EV:  2    Int:  8    God:
Gold:   121        SH:  0    Dex: 10    Spells: 6/6 levels left

rFire    . . .     SeeInvis .   a - +0 war axe
rCold    . . .     Gourm    .   c - +0 shield
rNeg     . . .     Faith    .   b - +0 scale mail
rPois    +         Spirit   .   r - +0 hat
rElec    .         Reflect  .   n - +0 cloak
rCorr    .         Harm     .   (no gloves)
MR       .....                  (no boots)
Stlth    ..........             (no amulet)
HPRegen  0.19/turn              i - ring of poison resistance
MPRegen  0.10/turn              (no ring)

@: paralysed, lethally poisoned (0 -> -17)
A: no striking features
a: no special abilities


You were on level 4 of the Dungeon.
You were not hungry.

You visited 1 branch of the dungeon, and saw 4 of its levels.

You collected 121 gold pieces.

Inventory:

Hand Weapons
 a - a +0 war axe (weapon)
Armour
 b - a +0 scale mail (worn)
 c - a +0 shield (worn)
 n - a +0 cloak (worn)
 r - a +0 hat (worn)
Jewellery
 i - a ring of poison resistance (left hand)
Wands
 o - a wand of iceblast (6)
Scrolls
 e - 3 scrolls of identify {unknown}
 h - 4 scrolls of teleportation {unknown}
 j - 2 scrolls of amnesia {unknown}
 k - a scroll of blinking {unknown}
 l - 4 scrolls of remove curse {unknown}
 m - a scroll of fear {unknown}
Potions
 d - 2 potions of might
 g - 3 potions of curing {unknown}
 q - a potion of invisibility
Comestibles
 f - 8 rations


   Skills:
 - Level 3.6 Fighting
 + Level 10.2 Axes
 - Level 3.2 Armour
 + Level 0.5 Stealth
 - Level 3.2 Shields


You had 6 spell levels left.
You didn't know any spells.
Your spell library was empty.

Dungeon Overview and Level Annotations

Branches:
Dungeon (4/15)             Temple (0/1) D:4

Altars:

Annotations:
D:4 Grinder


Message History

* * * LOW HITPOINT WARNING * * *
You feel very sick. You block Grinder's attack. Grinder hits you.
* * * LOW HITPOINT WARNING * * *
You writhe in agony.
* * * LOW HITPOINT WARNING * * *
You hit Grinder.
Grinder is severely wounded.
* * * LOW HITPOINT WARNING * * *
You feel sick.
An orc comes into view.
Grinder gestures at you.
You suddenly lose the ability to move!
* * * LOW HITPOINT WARNING * * *
You feel sick. Grinder hits you but does no damage.
* * * LOW HITPOINT WARNING * * *
You feel sick. The hound bites you.
* * * LOW HITPOINT WARNING * * *
The hound bites you but does no damage. Grinder hits you.
You die...

#..<.....#..#
#......<.#..#
#...........#
#........#.##
#........#.#
#........#>#
####.###.#.#
#.###...##
#.##.@h..#
#.#...5...#
#.#.....).#
#.#.......#
#...........
.........o..
#>.###[######
#.. .#


You could see Grinder, a hound and an orc.

Vanquished Creatures
  Sigmund (D:2)
  A scorpion (D:4)
  A hound (D:3)
  Crazy Yiuf (D:2)
  2 orc priests (D:2)
  2 orc wizards (D:2)
  A worker ant (D:4)
  6 adders
  2 oozes
  4 worms
  3 dart slugs
  6 leopard geckos
  4 orcs
  12 giant cockroaches
  10 goblins
  9 hobgoblins
  5 jackals (D:2)
  7 kobolds
  2 ball pythons (D:1)
  7 bats
  2 frilled lizards
  6 rats
94 creatures vanquished.

Notes
Turn   | Place    | Note
-------+----------+-------------------------------------------
     0 | D:1      | Delamore the Hill Orc Fighter began the quest for the Orb.
     0 | D:1      | Reached XP level 1. HP: 19/19 MP: 1/1
    24 | D:1      | Reached skill level 3 in Axes
    72 | D:1      | Reached XP level 2. HP: 26/26 MP: 2/2
    91 | D:1      | Reached skill level 4 in Axes
   362 | D:1      | Reached XP level 3. HP: 31/31 MP: 3/3
   446 | D:2      | Noticed Sigmund
   489 | D:2      | Killed Sigmund
   489 | D:2      | Reached skill level 7 in Axes
   489 | D:2      | Reached XP level 4. HP: 14/39 MP: 4/4
   489 | D:2      | Reached XP level 5. HP: 17/45 MP: 5/5
   754 | D:2      | Found a runed translucent door.
   768 | D:2      | Noticed Crazy Yiuf
   989 | D:2      | Reached skill level 8 in Axes
   989 | D:2      | Reached XP level 6. HP: 48/51 MP: 6/6
  1083 | D:2      | Reached skill level 9 in Axes
  1559 | D:2      | Killed Crazy Yiuf
  1959 | D:3      | Reached XP level 7. HP: 57/57 MP: 7/7
  2447 | D:4      | Reached skill level 10 in Axes
  2463 | D:4      | Found a staircase to the Ecumenical Temple.
  2484 | D:4      | Noticed Grinder
  2504 | D:4      | Paralysed by Grinder for 5 turns
  2506 | D:4      | HP: 1/57 [hound (2)]
  2506 | D:4      | Slain by Grinder

Levels and vault maps discovered:
D:1:      tarquinn_simple_flora_water_d, layout_rooms, hangedman_decor_points
D:2:      layout_rooms, uniq_sigmund, uniq_crazy_yiuf_cottage
D:3:      minmay_roachtagon, layout_loops_ring, first_ration, minmay_distorted
D:4:      layout_loops_ring, nemelex_xobeh_ov_fountains_minmay,
          lightli_temple_of_fire, temple_pool_b, uniq_grinder

Skill      XL: |  1  2  3  4  5  6  7 |
---------------+----------------------+-----
Axes           | 3 4 7 8 9 10 | 10.2
Fighting       | |  3.6
Armour         | |  3.2
Stealth        | |  0.5
Shields        | |  3.2

Action                   |  1- 3 |  4- 6 |  7- 9 || total
-------------------------+-------+-------+-------++-------
Melee: War axe           |    68 |   164 |    81 ||   313
Evoke: Wand              |       |       |     1 ||     1
  Use: Potion            |       |     1 |       ||     1
  Eat: Chunk             |       |     4 |     2 ||     6
Armor: Scale mail        |    32 |    57 |    29 ||   118
Dodge: Dodged            |    20 |    35 |    22 ||    77
Block: Shield            |    25 |    73 |    35 ||   133
